 Dungeon Crawl Stone Soup version 0.30.0-10-gfe55d96785 (webtiles) character file.

Game seed: 4977546407754940176

10683 Kenran the Carver (level 11, -9/94 HPs)
             Began as a Minotaur Cinder Acolyte on May 15, 2023.
             Was a Believer of Ignis.
             Killed from afar by an acid dragon (23 damage)
             ... with a splash of acid
             ... on level 8 of the Dungeon.
             The game lasted 00:17:00 (7469 turns).

Kenran the Carver (Minotaur Cinder Acolyte)         Turns: 7469, Time: 00:17:00

Health: -9/94      AC: 12    Str: 18    XL:     11   Next: 39%
Magic:  11/11      EV: 11    Int: 11    God:    Ignis [**....]
Gold:   591        SH:  0    Dex: 11    Spells: 12/12 levels left

rFire   + . .        l - +3 great sword
rCold   . . .        (shield currently unavailable)
rNeg    . . .        y - +0 plate armour
rPois   +            (helmet restricted)
rElec   .            b - +0 cloak
rCorr   .            i - +0 pair of gloves
SInv    .            (no boots)
Will    .....        E - amulet of regeneration Stlth
                     e - +5 ring of evasion
HPRegen 1.15/turn    m - ring of poison resistance
MPRegen 0.12/turn

%: no passive effects
@: corroded
A: horns 2, retaliatory headbutt
a: Renounce Religion, Fiery Armour, Foxfire Swarm, Rising Flame


You were on level 8 of the Dungeon.
You worshipped Ignis.
Ignis was pleased with you.
You visited 1 branch of the dungeon, and saw 9 of its levels.
You also visited: Sewer.

You collected 591 gold pieces.

Inventory:

Hand Weapons
 a - a -1 falchion of flaming
 l - a +3 great sword (weapon)
Armour
 b - a +0 cloak (worn)
 i - a +0 pair of gloves (worn)
 y - a +0 plate armour (worn)
Jewellery
 e - a +5 ring of evasion (left hand)
 m - a ring of poison resistance (right hand)
 A - a ring of ice
 E - an amulet of regeneration (around neck)
Wands
 o - a wand of paralysis (6)
 G - a wand of roots (10)
 I - a wand of polymorph (14)
 K - a wand of mindburst (1)
Scrolls
 f - a scroll of fear
 g - a scroll of magic mapping {unknown}
 j - 2 scrolls of immolation {!r}
 q - 4 scrolls of teleportation
 r - 4 scrolls of poison
 u - 2 scrolls of vulnerability {!r}
 z - a scroll of silence
 C - a scroll of enchant weapon {unknown}
 D - a scroll of butterflies {unknown}
 H - a scroll of amnesia {unknown}
 J - a scroll of enchant armour {unknown}
Potions
 c - a potion of magic {unknown}
 d - a potion of mutation {unknown}
 h - a potion of resistance
 k - a potion of curing {@q1}
 n - a potion of invisibility {unknown}
 p - 2 potions of brilliance {unknown}
 s - a potion of berserk rage {unknown}
 t - 2 potions of lignification {unknown}
 v - 2 potions of ambrosia {unknown}
 w - 3 potions of haste {unknown}
 x - a potion of attraction {unknown}
 B - 2 potions of might {unknown}
 F - a potion of flight {unknown}


   Skills:
 - Level 8.0 Fighting
 + Level 14.9 Long Blades
 - Level 11.0 Axes
 - Level 9.0 Armour
 - Level 1.0 Spellcasting
 - Level 2.1 Fire Magic


You had 12 spell levels left.
You didn't know any spells.
Your spell library contained the following spells:

 Spells                   Type           Power      Damage    Failure   Level
 Scorch                   Fire           10%        2d5       99%         2
 Cigotuvi's Dreadful Rot  Necr/Pois/Air  0%         N/A       100%        2
 Poisonous Vapours        Pois/Air       0%         N/A       100%        2
 Sublimation of Blood     Necr           0%         N/A       100%        2
 Wereblood                Tmut           0%         N/A       100%        2
 Call Canine Familiar     Summ           0%         N/A       100%        3
 Ignite Poison            Fire/Tmut/Pois 2%         N/A       100%        3
 Portal Projectile        Hex/Tloc       0%         N/A       100%        3
 Swiftness                Air            0%         N/A       100%        3
 Tukima's Dance           Hex            0%         N/A       100%        3
 Vhi's Electric Charge    Tloc/Air       0%         N/A       100%        3
 Leda's Liquefaction      Hex/Erth       0%         N/A       100%        4
 Passage of Golubria      Tloc           0%         N/A       100%        4
 Freezing Cloud           Conj/Ice/Air   0%         6-21      100%        5
 Lee's Rapid Deconstruct  Erth           0%         3d4*      100%        5
 Yara's Violent Unravell  Hex/Tmut       0%         3d3       100%        5
 Conjure Ball Lightning   Conj/Air       0%         3x3d6     100%        6
 Statue Form              Tmut/Erth      0%         N/A       100%        6
 Summon Hydra             Summ           0%         N/A       100%        7


Dungeon Overview and Level Annotations

Branches:
Dungeon (9/15)             Temple (0/1) D:7            Lair (0/5) D:8
  Sewer (visited)
    Orc: D:9-12

Altars:
Ashenzari
Cheibriados
Elyvilon
Fedhas
Nemelex Xobeh
Xom
Yredelemnul

Annotations:
D:8 exclusion: 2 downstairs


Innate Abilities, Weirdness & Mutations

You have a pair of horns on your head.
You reflexively headbutt those who attack you in melee.


Message History

You slash the acid dragon!
The acid dragon is moderately wounded.
The acid dragon bites you! The acid dragon closely misses you.
You closely miss the acid dragon. You headbutt the acid dragon!
The acid dragon is severely wounded.
The acid dragon spits acid at you. The splash of acid hits you!!
You barely miss the acid dragon. You headbutt the acid dragon.
The acid dragon is almost dead.
The acid dragon spits acid at you. The splash of acid misses you.
The splash of acid misses the two-headed ogre.
There is a stone staircase leading up here.
The acid dragon barely misses you.
The acid dragon claws you but does no damage.
The two-headed ogre hits you with a +0 giant club! x2
You climb upwards.
Level annotation: exclusion: 2 downstairs
There is a stone staircase leading down here.
You barely miss the acid dragon. Your headbutt misses the acid dragon.
The acid dragon is almost dead.
The acid dragon spits acid at you. The splash of acid hits you!!
* * * LOW HITPOINT WARNING * * *
The acid corrodes you!
You hit the acid dragon but do no damage.
The acid dragon is severely wounded.
The two-headed ogre hits you with a +0 giant club!
* * * LOW HITPOINT WARNING * * *
The two-headed ogre closely misses you. The acid dragon bites you.
* * * LOW HITPOINT WARNING * * *
The acid dragon claws you.
* * * LOW HITPOINT WARNING * * *
As you read the scroll of fear, it crumbles to dust.
You assume a fearsome visage.
The two-headed ogre looks frightened!
The acid dragon looks frightened!
There is a stone staircase leading up here.
The acid dragon spits acid at you. The splash of acid hits you!!
You die...

#########.# #.........# #.#
#.#######.# #########.# #.#
#.# .......##.###.# #.#
..[...[.......# #.#
......).#.###########.#
.....))...##..........#######
.......#####.###.......O...)#
................@...........#
........####................#
..).....รท.........>.........#
........#########...#########
........#.....##....)##
............###..P....#
............###.P..P.D##
####........##...).....# #
##...##+............###


You could see a two-headed ogre (fleeing) and an acid dragon (fleeing, catching
breath).

Vanquished Creatures
  A two-headed ogre (D:8)
  A centaur warrior (D:9)
  Pikel (D:5)
  A deep elf pyromancer (D:9)
  A manticore (D:7)
  An elephant (D:8)
  Maurice (D:8)
  A kobold demonologist (D:9)
  2 trolls (D:9)
  A hornet (D:9)
  A wyvern (D:8)
  11 yaks
  Eustachio (D:4)
  A steam dragon (D:7)
  A basilisk (D:8)
  3 water moccasins
  A black bear (D:8)
  7 orc warriors
  A sky beast (D:8)
  An ice beast (D:8)
  3 ogres (D:6)
  A phantom (D:6)
  5 bullfrogs
  A gnoll sergeant (D:8)
  6 scorpions
  19 wights
  8 killer bees
  A howler monkey (D:9)
  4 orc priests
  A jelly (D:8)
  A gnoll bouda (D:6)
  5 hounds
  An iguana (D:4)
  7 orc wizards
  9 gnolls
  2 river rats (D:5)
  9 adders
  A shadow imp (D:7)
  2 white imps
  5 ufetubi
  5 worms
  3 dart slugs (D:2)
  20 orcs
  5 endoplasms
  5 giant cockroaches
  4 goblins
  3 hobgoblins
  9 jackals
  8 kobolds
  2 quokkas
  4 ball pythons
  4 bats
  A frilled lizard (D:1)
  7 rats
210 creatures vanquished.

Vanquished Creatures (others)
  34 foxfires
34 creatures vanquished.

Grand Total: 244 creatures vanquished

Notes
Turn   | Place    | Note
-------+----------+-------------------------------------------
     0 | D:1      | Kenran the Minotaur Cinder Acolyte began the quest for the
                  | Orb.
     0 | D:1      | Reached XP level 1. HP: 19/19 MP: 1/1
   168 | D:1      | Reached skill level 4 in Long Blades
   213 | D:1      | Reached XP level 2. HP: 20/26 MP: 2/2
   838 | D:2      | Reached skill level 5 in Long Blades
   838 | D:2      | Reached XP level 3. HP: 21/31 MP: 3/3
  1097 | D:2      | You fall into a shaft and drop 2 floors!
  1210 | D:3      | Reached skill level 6 in Long Blades
  1210 | D:3      | Reached XP level 4. HP: 30/39 MP: 4/4
  1954 | D:2      | Reached skill level 7 in Long Blades
  1954 | D:2      | Reached XP level 5. HP: 45/45 MP: 5/5
  2749 | D:4      | Reached skill level 8 in Long Blades
  2749 | D:4      | Reached XP level 6. HP: 51/51 MP: 6/6
  2862 | D:4      | Noticed Eustachio
  2918 | D:4      | Killed Eustachio
  2919 | D:4      | Reached skill level 9 in Long Blades
  3146 | D:5      | Entered Level 5 of the Dungeon
  3146 | D:5      | Noticed Pikel
  3154 | D:5      | Paralysed by Pikel for 3 turns
  3166 | D:5      | Paralysed by Pikel for 3 turns
  3180 | D:5      | Paralysed by Pikel for 5 turns
  3182 | D:5      | Killed Pikel
  3183 | D:5      | Reached skill level 10 in Long Blades
  3183 | D:5      | Reached XP level 7. HP: 16/64 MP: 7/7
  3469 | D:5      | Found a glowing drain.
  3474 | Sewer    | Entered a sewer
  3557 | Sewer    | Reached XP level 8. HP: 61/74 MP: 8/8
  3840 | D:5      | Got Jyis's Grimoire of the Storm
  3995 | D:5      | Found a white marble altar of Elyvilon.
  4010 | D:5      | Reached skill level 1 in Axes
  4010 | D:5      | Reached skill level 1 in Armour
  4956 | D:6      | Reached skill level 5 in Axes
  5113 | D:6      | Reached XP level 9. HP: 73/81 MP: 9/9
  5379 | D:7      | Reached skill level 5 in Armour
  5507 | D:7      | Noticed a manticore
  5515 | D:7      | Killed a manticore
  5713 | D:7      | Reached skill level 10 in Axes
  5804 | D:7      | Found a staircase to the Ecumenical Temple.
  5849 | D:7      | Found a snail-covered altar of Cheibriados.
  5849 | D:7      | Found a shimmering altar of Xom.
  5849 | D:7      | Found a blossoming altar of Fedhas.
  5849 | D:7      | Found a broken altar of Ashenzari.
  5865 | D:7      | Found a basalt altar of Yredelemnul.
  5867 | D:7      | Found a sparkling altar of Nemelex Xobeh.
  5970 | D:8      | Noticed Maurice
  5988 | D:8      | Killed Maurice
  6017 | D:8      | Noticed an elephant
  6018 | D:8      | Found a staircase to the Lair.
  6033 | D:8      | Reached XP level 10. HP: 78/88 MP: 10/10
  6043 | D:8      | Killed an elephant
  6740 | D:8      | Reached skill level 11 in Long Blades
  6867 | D:9      | Reached skill level 12 in Long Blades
  6890 | D:9      | Noticed a two-headed ogre
  6903 | D:9      | Noticed a skeletal warrior
  6948 | D:8      | HP: 4/88 [two-headed ogre/+0 giant club (6)]
  6949 | D:8      | Killed a two-headed ogre
  7112 | D:8      | Reached skill level 13 in Long Blades
  7137 | D:9      | Reached XP level 11. HP: 94/94 MP: 11/11
  7273 | D:9      | Noticed a deep elf pyromancer
  7278 | D:9      | Noticed a centaur warrior
  7287 | D:9      | Killed a deep elf pyromancer
  7288 | D:9      | Reached skill level 14 in Long Blades
  7291 | D:9      | Noticed an ogre mage
  7295 | D:9      | Killed a centaur warrior
  7307 | D:9      | Noticed a two-headed ogre
  7418 | D:9      | Noticed a two-headed ogre
  7469 | D:8      | Killed from afar by an acid dragon

Illustrated notes

Levels and vault maps discovered:
D:1:      scummos_arrival_gate, layout_basic, hangedman_decor_clover_reticule,
          skrybe_limestone_x
D:2:      layout_basic, lightli_corner_chamber
D:3:      layout_loops_ring, kennysheep_generic_room_15
D:4:      layout_cave_pools, minmay_door_square, uniq_eustachio
D:5:      layout_basic, elyvilon_altar_5, lightli_sewer_entry_pipes, uniq_pikel
D:6:      layout_loops_cross
D:7:      layout_rooms, minmay_overflow_temple_hex, temple_doors_e
D:8:      layout_basic, david_lair_generic, uniq_maurice
D:9:      nzn_winding_woodlands_cross [nzn_winding_woodlands_5x15_eye,
          nzn_winding_woodlands_5x15_sawtooth, nzn_winding_woodlands_5x15_twine,
          nzn_winding_woodlands_5x15_sidewinder,
          nzn_winding_woodlands_15x15_five_gardens], layout_rooms, uniq_harold

Skill      XL: |  1  2  3  4  5  6  7  8  9 10 11 |
---------------+----------------------------------+-----
Long Blades    | 4 5 6 7 8 10 13 14 | 14.9
Fighting       | 6 7 8 |  8.0
Axes           | 6 10 11 | 11.0
Armour         | 4 7 9 |  9.0
Spellcasting   | |  1.0
Fire Magic     | |  2.1

Action                     |  1- 3 |  4- 6 |  7- 9 | 10-12 || total
---------------------------+-------+-------+-------+-------++-------
  Melee: Falchion          |    90 |   120 |    72 |       ||   282
         Headbutt          |     7 |    21 |    47 |    37 ||   112
         Broad axe         |       |       |   159 |    46 ||   205
         Great sword       |       |       |       |   192 ||   192
         Punch             |       |       |       |     1 ||     1
 Invoke: Fiery Armour      |       |     2 |     3 |       ||     5
         Foxfire Swarm     |       |     1 |     1 |       ||     2
  Evoke: Wand              |       |       |     6 |     5 ||    11
    Use: Potion            |       |     2 |       |       ||     2
         Scroll            |       |       |     6 |     2 ||     8
   Stab: Invisible         |       |       |     1 |     3 ||     4
         Paralysed         |       |       |     6 |       ||     6
 Armour: Robe              |     9 |       |       |       ||     9
         Leather armour    |     6 |       |       |       ||     6
         Chain mail        |     9 |    70 |    19 |       ||    98
         Plate armour      |       |       |   113 |   180 ||   293
  Dodge: Dodged            |    61 |   100 |   152 |   147 ||   460
